 Dungeon Crawl Stone Soup version 0.20.1-1-g8b1a95d (webtiles) character file.

255 wojtek the Grave Robber (level 6, 0/32 HPs)
             Began as a Kobold Necromancer on Dec 19, 2017.
             Slain by a worker ant (4 damage)
             ... on level 4 of the Dungeon.
             The game lasted 00:08:58 (4631 turns).

wojtek the Grave Robber (Kobold Necromancer)        Turns: 4631, Time: 00:08:59

Health: 0/32       AC:  3    Str:  6    XL:     6   Next: 38%
Magic:  12/12      EV: 15    Int: 18    God:
Gold:   158        SH:  0    Dex: 15    Spells: 4/13 levels left

rFire    . . .     SeeInvis .   a - +0 dagger (venom)
rCold    . . .     Gourm    .   (shield restricted)
rNeg     . . .     Faith    .   b - +0 robe
rPois    .         Spirit   .   (no helmet)
rElec    .         Reflect  .   (no cloak)
rCorr    .         Harm     .   (no gloves)
MR       .....                  p - +0 pair of boots
Stlth    ++........             (no amulet)
Regen    0.1/turn               (no ring)
MPRegen  0.2/turn               (no ring)

@: lethally poisoned (0 -> -1)
A: carnivore 3
a: no special abilities


You were on level 4 of the Dungeon.
You were very full.

You visited 1 branch of the dungeon, and saw 4 of its levels.

You collected 158 gold pieces.

Inventory:

Hand Weapons
 a - a +0 dagger of venom (weapon)
 f - a +0 short sword
 l - a +0 whip of freezing
Armour
 b - a +0 robe (worn)
 p - a +0 pair of boots (worn)
Jewellery
 i - an uncursed ring of positive energy {unknown}
 A - a cursed -3 ring of strength {unknown}
Scrolls
 e - a scroll of amnesia {unknown}
 j - 2 scrolls of remove curse {unknown}
 n - 3 scrolls of identify {unknown}
 o - a scroll of teleportation {unknown}
 r - 2 scrolls of blinking {unknown}
 s - a scroll of fog {unknown}
 w - a scroll of enchant weapon {unknown}
 y - a scroll of fear {unknown}
Potions
 g - a potion of flight {unknown}
 h - a potion of ambrosia {unknown}
 k - a potion of brilliance {unknown}
 q - a potion of mutation {unknown}
 t - a potion of agility {unknown}
 u - a potion of haste {unknown}
 v - a potion of invisibility {unknown}
 z - a potion of curing {unknown}
Books
 d - a book of Necromancy

   Spells                             Type                      Level
   a - Pain                           Necromancy                   1
   b - Animate Skeleton               Necromancy                   1
   c - Vampiric Draining              Necromancy                   3
   d - Regeneration                   Charms/Necromancy            3
   e - Animate Dead                   Necromancy                   4
   f - Control Undead                 Necromancy                   4
Comestibles
 c - 3 meat rations
 m - 2 royal jellies


   Skills:
 - Level 2.4 Dodging
 - Level 2.6 Stealth
 + Level 4.1 Spellcasting
 + Level 6.2 Necromancy


You had 4 spell levels left.
You knew the following spells:

 Your Spells              Type           Power        Failure   Level  Hunger
a - Pain                  Necr           ####         1%          1    None
c - Control Undead        Necr           ####......   11%         4    ####...
d - Animate Dead          Necr           N/A          11%         4    ####...


Dungeon Overview and Level Annotations

Branches:
Dungeon (4/15)
 Temple: D:4-7

Altars:
Fedhas
Gozag

Annotations:
D:4 exclusion: worker ant, Edmund


Innate Abilities, Weirdness & Mutations

You are small and have problems with some larger weapons.
You are carnivorous and can eat meat at any time.


Message History

g - Guard the area. f - Follow me.
Anything else - Cancel.
Gang up on whom?
Press: ? - help, Dir - move target cursor, f - worker ant
Aim: a worker ant (resting) Attack!
You feel sick. The centaur skeleton misses you.
The centaur skeleton closely misses you.
The centaur skeleton hits you.
You feel sick.
The worker ant twitches its antennae in your direction.
The worker ant closely misses you.
You completely miss the worker ant. The centaur skeleton hits you.
* * * LOW HITPOINT WARNING * * *
The worker ant closely misses you.
You hit the centaur skeleton.
The centaur skeleton is severely damaged.
The centaur skeleton hits you.
* * * LOW HITPOINT WARNING * * *
The worker ant bites you.
You die...

##..##.#.....#.............#
#.....#.....#.#####.#####.#
##.####.##.##.# ###.#.# ....
#.####.##.##.# ........#.#...
#......##.##.##.##.....#.##....
########...#.......... ..# #...
### #...####..........# ###
..## #...####a#.......## ...#
#.....Z@..#....@.# #####
...#######...####..# . # #....
..)##..............#
#..#.###.[..
.................#.#
#...........
.##.#..............#
#.##.###...<
.##.###.##...##.##.# # #....
....# #.##.........# #####
#.#.# #.##...##.###. #.#.#
#.##...# #


You could see a worker ant and a centaur skeleton.

Vanquished Creatures
  A hound (D:4)
  4 gnolls
  6 adders
  An ooze (D:2)
  A worm (D:3)
  2 dart slugs (D:1)
  3 leopard geckos
  6 orcs
  7 giant cockroaches
  6 goblins
  6 hobgoblins
  4 jackals
  5 quokkas
  11 bats
  3 frilled lizards
  10 kobolds
  A rat (D:2)
77 creatures vanquished.

Vanquished Creatures (collateral kills)
  A scorpion (D:4)
1 creature vanquished.

Grand Total: 78 creatures vanquished

Notes
Turn   | Place    | Note
-------+----------+-------------------------------------------
     0 | D:1      | wojtek the Kobold Necromancer began the quest for the Orb.
     0 | D:1      | Reached XP level 1. HP: 10/10 MP: 3/3
   161 | D:1      | Reached XP level 2. HP: 11/15 MP: 0/5
   951 | D:1      | Reached XP level 3. HP: 17/19 MP: 6/6
  1109 | D:1      | Reached skill level 5 in Necromancy
  1677 | D:2      | Reached XP level 4. HP: 24/24 MP: 7/7
  2025 | D:2      | Reached XP level 5. HP: 21/28 MP: 4/9
  2165 | D:2      | Learned a level 4 spell: Animate Dead
  2338 | D:2      | Found a blossoming altar of Fedhas.
  2633 | D:3      | Found an opulent altar of Gozag.
  2804 | D:3      | Noticed a phantom
  3597 | D:3      | Reached skill level 6 in Necromancy
  3926 | D:4      | Noticed Edmund
  3954 | D:4      | Reached XP level 6. HP: 16/32 MP: 4/11
  4586 | D:3      | Learned a level 4 spell: Control Undead
  4631 | D:4      | Slain by a worker ant

Skill      XL: |  1  2  3  4  5  6 |
---------------+-------------------+-----
Necromancy     | 5 6 |  6.2
Spellcasting   | 3 4 |  4.1
Dodging        | |  2.4
Stealth        | |  2.6

Action                   |  1- 3 |  4- 6 || total
-------------------------+-------+-------++-------
Melee: Dagger            |    54 |   141 ||   195
 Cast: Pain              |    25 |    38 ||    63
       Animate Dead      |       |     4 ||     4
       Control Undead    |       |     1 ||     1
 Stab: Sleeping          |     7 |     8 ||    15
       Distracted        |       |     1 ||     1
  Eat: Chunk             |    11 |     8 ||    19
Armor: Robe              |     8 |    40 ||    48
Dodge: Dodged            |    68 |   144 ||   212
